Map: Blueshift LE

Players

Dolan - Winner!

  • Race: Terran Terran
  • Spawn Location: 7:00

JadedShard

  • Race: Zerg Zerg
  • Spawn Location: 1:00

Event: WCS Montreal 2018

VOD

Have the link to the VOD?

Description

Time

  • Played on: Sept. 7, 2018, 1:21 p.m.
  • Length: 4:39

All games in this series

Show
View Real Time Build Order
Export as new Build Order

Dolan Terran - Winner!

Build Orders:  

Get SALT Encoding   

  12  0:00  SCV  
  13  0:12  SCV  
  14  0:16  Supply Depot  
  14  0:24  SCV  
  14  0:27  Refinery  
  15  0:38  SCV  
  16  0:44  Barracks  
  16  0:50  SCV  
  17  1:02  SCV  
  18  1:14  SCV  
  19  1:31  Reaper, Orbital Command  
  20  1:47  Factory  
  20  1:48  Supply Depot  
  20  1:49  Refinery  
  20  1:56  SCV  
  21  2:04  Bunker  
  21  2:13  Barracks Reactor  
  21  2:20  SCV  
  21  2:32  SCV  
  22  2:37  Starport  
  22  2:38  Factory Tech Lab  
  21  2:44  SCV  
  21  2:47  Supply Depot  
  21  2:49  Marine x2  
  21  2:50  Supply Depot  
  24  2:56  SCV  
  25  2:59  Siege Tank  
  28  3:07  Marine x2  
  28  3:08  SCV  
  31  3:16  Supply Depot  
  31  3:22  SCV  
  31  3:38  SCV  
  32  3:41  Banshee  
  32  3:47  Cyclone  
  38  3:58  Supply Depot  
Show
View Real Time Build Order
Export as new Build Order

JadedShard Zerg 

Build Orders: Pool Only, Ravager All-In 

Get SALT Encoding   

  12  0:17  Spawning Pool  
  11  0:22  Drone  
  11  0:26  Drone  
  13  0:31  Drone  
  13  0:34  Extractor  
  13  0:38  Drone  
  13  0:41  Extractor  
  13  0:45  Drone  
  14  0:56  Overlord  
  14  1:09  Roach Warren  
  13  1:14  Zergling x2  
  14  1:20  Drone  
  15  1:43  Overlord  
  15  1:52  Roach x2  
  19  1:59  Roach  
  21  2:15  Roach  
  22  2:24  Roach  
  24  2:30  Ravager x2  
  24  2:31  Ravager  
  27  2:40  Drone  
  28  2:46  Roach  
  30  2:56  Overlord  
  30  3:09  Overlord  
  30  3:16  Ravager  
  31  3:23  Ravager  
  31  3:24  Roach x2  
  36  3:35  Queen  
  36  3:39  Ravager  
  39  3:49  Roach  
  41  4:10  Roach x2  
  41  4:11  Drone  
Tags
 
Add a new tag
Caveats
  • Supply blocks, unpowered buildings, or Contaminate may cause inaccurate times.
  • Supply counts are checked every 10 seconds.